 Dungeon Crawl Stone Soup version 0.30-a0-159-g068b764562 (webtiles) character file.

Game seed: 4960585887105910844

26772 qw the Cleaver (level 13, -15/83 HPs)
             Began as a Gargoyle Fighter on Sept 27, 2022.
             Was an Elder of Okawaru.
             Demolished by Rupert
             ... wielding a +1 battleaxe of venom
              (21 damage)
             ... on level 3 of the Lair of Beasts.
             The game lasted 00:05:35 (17981 turns).

qw the Cleaver (Gargoyle Fighter)                  Turns: 17981, Time: 00:05:36

Health: -15/83     AC: 35    Str: 24    XL:     13   Next: 28%
Magic:  19/19      EV:  9    Int: 10    God:    Okawaru [****..]
Gold:   455        SH:  6    Dex:  7    Spells: 12/12 levels left

rFire   . . .      SeeInvis +    y - +0 morningstar
rCold   . . .      Faith    .    c - +0 buckler
rNeg    + . .      Spirit   .    r - +0 plate armour
rPois   inf        Reflect  .    n - +0 helmet
rElec   +          Harm     .    (no cloak)
rCorr   .          Rampage  .    f - +0 pair of gloves
Will    .....                    b - +0 pair of boots
Stlth   ..........               (no amulet)
HPRegen 0.23/turn                x - ring of see invisible
MPRegen 0.16/turn                o - +4 ring of protection

@: heroic, contaminated, glowing
A: sickness immunity, AC +9, negative energy resistance 1, electricity
resistance, torment resistance 1, petrification resistance, clumsy 1
a: Renounce Religion, Heroism, Finesse


You were on level 3 of the Lair of Beasts.
You worshipped Okawaru.
Okawaru was greatly pleased with you.
You visited 3 branches of the dungeon, and saw 15 of its levels.

You collected 606 gold pieces.
You spent 151 gold pieces at shops.


Innate Abilities, Weirdness & Mutations

You are immune to sickness and miasma.
Your stone body is resilient. (AC +9)
You are immune to poison.
You resist negative energy. (rN+)
You are resistant to electric shocks. (rElec)
You are resistant to unholy torment.
You are immune to petrification.
You are clumsy. (Dex -2)


   Skills:
 + Level 10.5(15.5) Fighting
 - Level 14.0(19.0) Axes
 - Level 2.6(7.6) Throwing
 - Level 10.1(15.1) Armour
 - Level 3.0(8.0) Dodging
 - Level 6.7(11.7) Shields
 + Level 8.1 Invocations


You had 12 spell levels left.
You didn't know any spells.
Your spell library was empty.

Inventory:

Hand Weapons
 i - the +7 broad axe "Jeaf" {holy, Contam Fly Dex+2}
   (You acquired it on level 2 of the Dungeon)

   It has been blessed by the Shining One to cause great damage to the undead
   and demons.
   Dex:       It affects your dexterity (+2).
   Fly:       It grants you flight.
   Contam:    It causes magical contamination when unequipped.
 s - the +12 war axe "Deth" {flame, Fragile rElec rC- Str+8}
   (You found it on level 7 of the Dungeon)

   It burns those it strikes, dealing additional fire damage.
   Big, fiery blades are also staple armaments of hydra-hunters.
   Str:       It affects your strength (+8).
   rC:        It makes you vulnerable to cold.
   rElec:     It insulates you from electricity.
   Fragile:   It will be destroyed if unequipped.
 y - a +0 morningstar (weapon)
Missiles
 h - 2 boomerangs (quivered)
Armour
 b - a +0 pair of boots (worn)
 c - a +0 buckler (worn)
 f - a +0 pair of gloves (worn)
 n - a +0 helmet (worn)
 r - a +0 plate armour (worn)
Jewellery
 e - a ring of willpower
 k - a ring of fire
 m - a ring of positive energy
 o - a +4 ring of protection (right hand)
 w - a ring of fire
 x - a ring of see invisible (left hand)
Scrolls
 a - 6 scrolls of identify
 j - 2 scrolls of enchant weapon
Potions
 d - a potion of might
 g - 6 potions of curing
 p - 5 potions of attraction
 q - 4 potions of lignification
 t - 2 potions of mutation
 v - a potion of haste
 z - a potion of cancellation

Dungeon Overview and Level Annotations

Branches:
Dungeon (11/15)            Temple (1/1) D:7            Lair (3/5) D:11
 Shoals (0/4) Lair:2        Snake (0/4) Lair:3
    Orc: D:9-12

Altars:
Ashenzari
Cheibriados
Dithmenos
Elyvilon
Fedhas
Gozag
Hepliaklqana
Kikubaaqudgha
Makhleb
Nemelex Xobeh
Okawaru
Qazlal
Ru
Sif Muna
Trog
Uskayaw
Vehumet
Wu Jian
Xom
Yredelemnul
Zin
The Shining One

Shops:
D:5 *

Annotations:
Lair:3 Rupert


Message History

The black mamba bites you but does no damage.
Rupert roars madly and goes into a rage!
Rupert goes berserk!
You closely miss Rupert.
Rupert is moderately wounded.
You barely miss the black mamba. The black mamba bites you!
Rupert barely misses you.
You slash Rupert!
Rupert is moderately wounded.
You hit the black mamba.
The black mamba bites you but does no damage.
Rupert hits you with a +1 battleaxe of venom!
You slice Rupert!!
Rupert is heavily wounded.
You closely miss the black mamba.
You hear a roar!
The black mamba bites you. Rupert hits you but does no damage.
The black mamba bites you but does no damage.
You hit Rupert.
Rupert is heavily wounded.
You barely miss the black mamba. Rupert hits you but does no damage.
The black mamba misses you.
You closely miss Rupert.
Rupert is heavily wounded.
You closely miss the black mamba. You block the black mamba's attack.
Rupert hits you with a +1 battleaxe of venom!!
You closely miss Rupert.
Rupert is heavily wounded.
You slash the black mamba! The black mamba closely misses you.
Rupert closely misses you.
An eight-headed hydra comes into view.
The black mamba bites you but does no damage.
17981 ||| SWAPPING to +0 morningstar.
You float gracefully downwards.
Mutagenic energies flood into your body!
You are contaminated with residual magic.
The +7 broad axe "Jeaf" {holy, Contam Fly Dex+2} stops glowing.
y - a +0 morningstar (weapon)
Rupert hits you with a +1 battleaxe of venom!!
You die...

###.######.##
#.###.....##....##
#.P###.P#.##..... ##.##
#.####.....# #..# ##..#
#...P# #..###..###
#...##### ###..#P##...#
#.......#
#.#........####@S......
##..[..........@.....#
##..............#D#..#
####..........#.###
#.##)...........#
#...##.......####
..P..#.......#
..#...........#
##...............
..#..........P.##


You could see Rupert (berserk), an eight-headed hydra and a black mamba.

Vanquished Creatures
  Gastronok (Lair:2)
  Nessos (Lair:3)
  A hydra (Lair:2)
  Erolcha (D:9)
  2 boulder beetles (D:11)
  2 two-headed ogres
  Nergalle (Lair:1)
  Pikel (D:4)
  A black mamba (Lair:1)
  7 cane toads
  A torpor snail (Lair:3)
  5 komodo dragons
  2 trolls
  4 blink frogs (Lair:3)
  7 dream sheep (Lair:3)
  A wraith (D:11)
  7 wyverns
  3 basilisks
  30 yaks
  A vampire (D:11)
  A steam dragon (D:6)
  Edmund (D:3)
  An acid dragon (D:11)
  13 water moccasins
  2 ice beasts
  An orc warrior (D:10)
  6 black bears
  12 wolves
  2 ogres
  6 centaurs
  2 phantoms
  2 lemures (D:4)
  2 kobold brigands
  7 bullfrogs
  2 necrophages
  3 scorpions
  11 wights
  13 killer bees
  4 electric eels
  3 howler monkeys
  4 crimson imps (D:9)
  5 hounds
  9 orc priests
  2 gnoll boudas
  A jelly (D:7)
  Jessica (D:2)
  3 iguanas
  14 orc wizards
  5 hell rats (Lair:2)
  13 gnolls
  6 adders
  2 shadow imps
  A white imp (D:5)
  An ufetubus (D:6)
  5 worms
  3 dart slugs
  27 orcs
  8 ball pythons
  8 endoplasms
  4 giant cockroaches
  7 hobgoblins
  5 quokkas
  9 bats
  6 frilled lizards
  7 goblins
  23 kobolds
  7 rats
359 creatures vanquished.

Vanquished Creatures (others)
  A necrophage (D:6)
  20 fungi
  53 plants
74 creatures vanquished.

Grand Total: 433 creatures vanquished

Notes
Turn   | Place    | Note
-------+----------+-------------------------------------------
     0 | D:1      | qw the Gargoyle Fighter began the quest for the Orb.
     0 | D:1      | Reached XP level 1. HP: 14/14 MP: 1/1
     0 | D:1      | 0 ||| qw: Version: 0.2-a-10-g37ed214
     0 | D:1      | 0 ||| qw: Game counter: 569
     0 | D:1      | 0 ||| qw: Always use a shield: true
     0 | D:1      | 0 ||| qw: God list: Okawaru
     0 | D:1      | 0 ||| qw: Allow faded altars: false
     0 | D:1      | 0 ||| qw: Do Orc after D:15 true
     0 | D:1      | 0 ||| qw: Do second Lair branch before Depths: true
     0 | D:1      | 0 ||| qw: Lair rune preference: random
     0 | D:1      | 0 ||| qw: Plans: Normal, Zot:1-4, God:TSO, Crypt, Tomb,
                  | Pan, Slime:5, Hells, Abyss, Orb
     0 | D:1      | 0 ||| PLANNING D:1-11
    30 | D:1      | Reached skill level 2 in Axes
   227 | D:1      | Reached XP level 2. HP: 14/19 MP: 2/2
   563 | D:1      | 563 ||| Stepping ~*~*~tactically~*~*~ (stealth).
   631 | D:1      | 631 ||| Stepping ~*~*~tactically~*~*~ (stealth).
   634 | D:1      | Reached skill level 3 in Axes
   698 | D:1      | Reached XP level 3. HP: 23/23 MP: 3/3
  1860 | D:1      | 1860 ||| UPGRADING to ring of willpower.
  1861 | D:1      | 1861 ||| READING scroll labelled QUOSHOBYDD.
  1862 | D:1      | 1862 ||| READING scroll labelled MAIKIU TIMAFAO.
  1863 | D:1      | 1863 ||| DRINKING 2 orange potions.
  1915 | D:2      | 1915 ||| STAIRDANCE
  1922 | D:2      | 1922 ||| STAIRDANCE
  2022 | D:2      | Reached XP level 4. HP: 28/28 MP: 4/4
  2069 | D:2      | 2069 ||| Stepping ~*~*~tactically~*~*~ (stealth).
  2070 | D:2      | 2070 ||| Stepping ~*~*~tactically~*~*~ (stealth).
  2072 | D:2      | 2072 ||| Stepping ~*~*~tactically~*~*~ (stealth).
  2073 | D:2      | 2073 ||| Stepping ~*~*~tactically~*~*~ (stealth).
  2074 | D:2      | 2074 ||| Stepping ~*~*~tactically~*~*~ (stealth).
  2075 | D:2      | 2075 ||| Stepping ~*~*~tactically~*~*~ (stealth).
  2076 | D:2      | 2076 ||| Stepping ~*~*~tactically~*~*~ (stealth).
  2092 | D:2      | Reached skill level 4 in Axes
  2123 | D:2      | 2123 ||| Stepping ~*~*~tactically~*~*~ (stealth).
  2320 | D:2      | 2320 ||| Stepping ~*~*~tactically~*~*~ (hiding).
  2391 | D:2      | 2391 ||| Stepping ~*~*~tactically~*~*~ (stealth).
  2392 | D:2      | 2392 ||| Stepping ~*~*~tactically~*~*~ (stealth).
  2393 | D:2      | 2393 ||| Stepping ~*~*~tactically~*~*~ (stealth).
  2477 | D:2      | 2477 ||| DROPPING +0 club.
  2534 | D:2      | 2534 ||| Stepping ~*~*~tactically~*~*~ (stealth).
  2535 | D:2      | 2535 ||| Stepping ~*~*~tactically~*~*~ (stealth).
  2538 | D:2      | 2538 ||| Stepping ~*~*~tactically~*~*~ (stealth).
  2612 | D:2      | Noticed Jessica
  2628 | D:2      | Killed Jessica
  2629 | D:2      | Reached XP level 5. HP: 15/32 MP: 5/5
  3052 | D:2      | 3052 ||| READING 2 scrolls labelled UWOJAT YRCHASE.
  3053 | D:2      | 3053 ||| READING scroll labelled MILETS DEMPA.
  3053 | D:2      | Identified a scroll of acquirement
  3053 | D:2      | 3053 ||| ACQUIRING +7 broad axe "Jeaf" {holy, Contam Fly
                  | Dex+2}
  3053 | D:2      | Acquired the +7 broad axe "Jeaf" {holy, Contam Fly Dex+2}
  3055 | D:2      | 3055 ||| SWAPPING to +7 broad axe "Jeaf" {holy, Contam Fly
                  | Dex+2}.
  3056 | D:2      | 3056 ||| DROPPING +0 war axe.
  3071 | D:3      | 3071 ||| STAIRDANCE
  3436 | D:3      | 3436 ||| Stepping ~*~*~tactically~*~*~ (stealth).
  3441 | D:3      | Reached skill level 1 in Dodging
  3463 | D:3      | Reached skill level 5 in Axes
  3772 | D:3      | Found a faded altar of an unknown god.
  4203 | D:3      | 4203 ||| UPGRADING to +0 helmet.
  4208 | D:3      | 4208 ||| UPGRADING to +4 ring of protection.
  4209 | D:3      | 4209 ||| READING scroll labelled DABLAA WEMUMUSH.
  4269 | D:3      | 4269 ||| READING scroll labelled VEAVIC NOCOQOK.
  4270 | D:3      | 4270 ||| DRINKING 2 fuming purple potions.
  4319 | D:4      | Noticed Edmund
  4322 | D:4      | 4322 ||| STAIRDANCE
  4336 | D:3      | Killed Edmund
  4337 | D:3      | Reached XP level 6. HP: 27/37 MP: 6/6
  4422 | D:3      | 4422 ||| DROPPING +0 whip.
  4704 | D:4      | Found a shimmering blue altar of Sif Muna.
  4842 | D:4      | Noticed Pikel
  4852 | D:4      | Killed Pikel
  4853 | D:4      | Reached skill level 7 in Axes
  4853 | D:4      | Reached XP level 7. HP: 34/43 MP: 7/7
  4926 | D:4      | Reached XP level 8. HP: 48/48 MP: 8/8
  4947 | D:4      | Noticed a +0 dagger
  4948 | D:4      | Noticed a +0 dagger
  4950 | D:4      | Found a hide-covered altar of Uskayaw.
  5034 | D:4      | 5034 ||| Stepping ~*~*~tactically~*~*~ (hiding).
  5035 | D:4      | 5035 ||| Stepping ~*~*~tactically~*~*~ (hiding).
  5307 | D:4      | 5307 ||| READING scroll labelled QUOLUWK RUCOIR.
  5312 | D:4      | 5312 ||| DRINKING 2 metallic puce potions.
  5313 | D:4      | 5313 ||| DRINKING 3 bubbling black potions.
  5314 | D:4      | 5314 ||| READING 3 scrolls of identify.
  5314 | D:4      | 5314 ||| IDENTIFYING glowing puce potion
  5315 | D:4      | 5315 ||| READING 2 scrolls of identify.
  5315 | D:4      | 5315 ||| IDENTIFYING ruby potion
  5316 | D:4      | 5316 ||| DROPPING potion of degeneration.
  5317 | D:4      | 5317 ||| DROPPING potion of invisibility.
  5330 | D:5      | Entered Level 5 of the Dungeon
  5330 | D:5      | Found Utuff's Assorted Antiques.
  5333 | D:5      | 5333 ||| BUYING potion of lignification (93 gold).
  5333 | D:5      | Bought a potion of lignification for 93 gold pieces
  5333 | D:5      | 5333 ||| BUYING scroll labelled EXICSYLO AHUE (31 gold).
  5333 | D:5      | Bought a scroll labelled EXICSYLO AHUE for 31 gold pieces
  5333 | D:5      | 5333 ||| SHOPLISTING scroll of identify (62 gold, have 56).
  5333 | D:5      | 5333 ||| SHOPLISTING scroll of teleportation (93 gold, have
                  | 56).
  5333 | D:5      | 5333 ||| BUYING white potion (27 gold).
  5333 | D:5      | Bought a white potion for 27 gold pieces
  5637 | D:5      | Found a burning altar of Makhleb.
  5675 | D:5      | Found a white marble altar of Elyvilon.
  5827 | D:5      | Reached skill level 8 in Axes
  5832 | D:5      | Found an opulent altar of Gozag.
  6187 | D:5      | Reached skill level 6 in Fighting
  6304 | D:5      | 6304 ||| UPGRADING to ring of see invisible.
  6306 | D:5      | 6306 ||| READING scroll labelled EXICSYLO AHUE.
  6307 | D:5      | 6307 ||| READING scroll labelled KIYJUE MYEXUEFF.
  6308 | D:5      | 6308 ||| READING scroll labelled ENEGGU UNUAHAMY.
  6309 | D:5      | 6309 ||| DRINKING 2 white potions.
  6310 | D:5      | 6310 ||| DRINKING 2 bubbling orange potions.
  6311 | D:5      | 6311 ||| READING 3 scrolls of identify.
  6311 | D:5      | 6311 ||| IDENTIFYING sapphire potion
  6312 | D:5      | 6312 ||| READING 2 scrolls of identify.
  6312 | D:5      | 6312 ||| IDENTIFYING red potion
  6313 | D:5      | 6313 ||| DROPPING potion of brilliance.
  6314 | D:5      | 6314 ||| DROPPING potion of flight.
  6315 | D:5      | 6315 ||| DROPPING potion of ambrosia.
  6607 | D:6      | Reached XP level 9. HP: 46/55 MP: 9/9
  6663 | D:6      | 6663 ||| Stepping randomly (cloudy).
  6675 | D:6      | Reached skill level 9 in Axes
  6759 | D:6      | 6759 ||| Stepping ~*~*~tactically~*~*~ (hiding).
  6760 | D:6      | 6760 ||| Stepping ~*~*~tactically~*~*~ (hiding).
  6970 | D:6      | 6970 ||| Stepping ~*~*~tactically~*~*~ (stealth).
  7018 | D:6      | Found an ornate altar of the Wu Jian Council.
  7020 | D:6      | 7020 ||| Stepping ~*~*~tactically~*~*~ (hiding).
  7023 | D:6      | 7023 ||| Stepping ~*~*~tactically~*~*~ (stealth).
  7143 | D:6      | Found a basalt altar of Yredelemnul.
  7420 | D:6      | 7420 ||| UPGRADING to +0 pair of gloves.
  7425 | D:6      | 7425 ||| READING 2 scrolls of identify.
  7425 | D:6      | 7425 ||| IDENTIFYING blue potion
  7426 | D:6      | 7426 ||| DROPPING potion of magic.
  7457 | D:7      | Reached skill level 10 in Axes
  7527 | D:7      | Found a staircase to the Ecumenical Temple.
  7528 | D:7      | 7528 ||| PLANNING TEMPLE
  7536 | Temple   | Entered the Ecumenical Temple
  7625 | Temple   | 7625 ||| PLANNING D:1-11
  7691 | D:7      | 7691 ||| Stepping ~*~*~tactically~*~*~ (hiding).
  7692 | D:7      | 7692 ||| Stepping ~*~*~tactically~*~*~ (hiding).
  8031 | D:7      | Identified the +12 war axe "Deth" {flame, Fragile rElec rC-
                  | Str+8}
  8438 | D:7      | 8438 ||| READING 2 scrolls labelled XEOMOB HOESYRPH.
  8439 | D:7      | 8439 ||| READING 3 scrolls of identify.
  8439 | D:7      | 8439 ||| IDENTIFYING black potion
  8567 | D:8      | 8567 ||| Stepping ~*~*~tactically~*~*~ (stealth).
  8573 | D:8      | 8573 ||| Stepping ~*~*~tactically~*~*~ (stealth).
  8574 | D:8      | 8574 ||| Stepping ~*~*~tactically~*~*~ (stealth).
  8575 | D:8      | 8575 ||| Stepping ~*~*~tactically~*~*~ (stealth).
  8610 | D:8      | 8610 ||| Stepping ~*~*~tactically~*~*~ (hiding).
  8627 | D:8      | Reached XP level 10. HP: 49/64 MP: 10/10
  9143 | D:8      | 9143 ||| FLEEEEING.
  9144 | D:8      | 9144 ||| FLEEEEING.
  9145 | D:8      | 9145 ||| FLEEEEING.
  9159 | D:8      | 9159 ||| FLEEEEING.
  9160 | D:8      | 9160 ||| FLEEEEING.
  9161 | D:8      | 9161 ||| FLEEEEING.
  9162 | D:8      | 9162 ||| FLEEEEING.
  9163 | D:8      | 9163 ||| FLEEEEING.
  9164 | D:8      | 9164 ||| STAIRDANCE
  9210 | D:8      | 9210 ||| Stepping ~*~*~tactically~*~*~ (hiding).
  9351 | D:8      | 9351 ||| Stepping ~*~*~tactically~*~*~ (hiding).
  9495 | D:8      | Reached skill level 11 in Axes
  9666 | D:8      | 9666 ||| FLEEEEING.
  9667 | D:8      | 9667 ||| FLEEEEING.
  9979 | D:8      | Found a hazy altar of Hepliaklqana.
 10123 | D:9      | Noticed Erolcha
 10123 | D:9      | Noticed a two-headed ogre
 10124 | D:9      | 10124 ||| STAIRDANCE
 10131 | D:8      | Killed a two-headed ogre
 10132 | D:8      | Reached skill level 9 in Fighting
 10134 | D:9      | 10134 ||| STAIRDANCE
 10146 | D:9      | HP: 2/66 [Erolcha/+0 giant club (26)]
 10147 | D:9      | 10147 ||| READING 2 scrolls of teleportation.
 10148 | D:9      | 10148 ||| DRINKING 2 potions of heal wounds.
 10149 | D:9      | Killed Erolcha
 10150 | D:9      | 10150 ||| DRINKING potion of heal wounds.
 10532 | D:9      | 10532 ||| Stepping ~*~*~tactically~*~*~ (stealth).
 10567 | D:9      | Found a sparkling altar of Nemelex Xobeh.
 10653 | D:9      | Found an ancient bone altar of Kikubaaqudgha.
 10656 | D:9      | Reached XP level 11. HP: 70/71 MP: 11/11
 10676 | D:9      | 10676 ||| Stepping ~*~*~tactically~*~*~ (stealth).
 10699 | D:9      | 10699 ||| Stepping ~*~*~tactically~*~*~ (stealth).
 10702 | D:9      | 10702 ||| Stepping ~*~*~tactically~*~*~ (stealth).
 10727 | D:9      | 10727 ||| Stepping ~*~*~tactically~*~*~ (stealth).
 10729 | D:9      | 10729 ||| Stepping ~*~*~tactically~*~*~ (stealth).
 10758 | D:9      | 10758 ||| Stepping ~*~*~tactically~*~*~ (stealth).
 10761 | D:9      | 10761 ||| Stepping ~*~*~tactically~*~*~ (stealth).
 10763 | D:9      | 10763 ||| Stepping ~*~*~tactically~*~*~ (stealth).
 10764 | D:9      | 10764 ||| Stepping ~*~*~tactically~*~*~ (stealth).
 10766 | D:9      | 10766 ||| Stepping ~*~*~tactically~*~*~ (stealth).
 10767 | D:9      | 10767 ||| Stepping ~*~*~tactically~*~*~ (stealth).
 10769 | D:9      | 10769 ||| Stepping ~*~*~tactically~*~*~ (hiding).
 10770 | D:9      | 10770 ||| Stepping ~*~*~tactically~*~*~ (hiding).
 11063 | D:9      | Found a shimmering altar of Xom.
 11071 | D:9      | 11071 ||| Stepping ~*~*~tactically~*~*~ (stealth).
 11168 | D:9      | Found a bloodstained altar of Trog.
 11187 | D:9      | 11187 ||| READING scroll labelled AZOFUMP WIMARUPS.
 11188 | D:9      | 11188 ||| READING scroll labelled NASAPL OFROUS.
 11306 | D:10     | Entered Level 10 of the Dungeon
 11421 | D:10     | Reached skill level 12 in Axes
 11431 | D:10     | Reached skill level 6 in Shields
 11715 | D:10     | 11715 ||| Stepping ~*~*~tactically~*~*~ (stealth).
 11717 | D:10     | 11717 ||| Stepping ~*~*~tactically~*~*~ (hiding).
 11865 | D:10     | 11865 ||| Stepping ~*~*~tactically~*~*~ (hiding).
 12169 | D:10     | 12169 ||| Stepping ~*~*~tactically~*~*~ (hiding).
 12171 | D:10     | 12171 ||| Stepping ~*~*~tactically~*~*~ (hiding).
 12172 | D:10     | 12172 ||| Stepping ~*~*~tactically~*~*~ (hiding).
 12183 | D:10     | 12183 ||| DRINKING 4 potions of curing.
 12183 | D:10     | 12183 ||| (to cure confusion)
 12185 | D:10     | Noticed a two-headed ogre
 12191 | D:10     | Reached skill level 3 in Dodging
 12192 | D:10     | HP: 14/71 [two-headed ogre/+0 giant club (16)]
 12193 | D:10     | 12193 ||| READING 3 scrolls of teleportation.
 12641 | D:10     | Found an iron altar of Okawaru.
 12642 | D:10     | 12642 ||| PLANNING OKAWARU WORSHIP
 12642 | D:10     | 12642 ||| DROPPING +0 leather armour of cold resistance.
 12643 | D:10     | 12643 ||| UPGRADING to +0 chain mail.
 12653 | D:10     | 12653 ||| DROPPING +0 scale mail.
 12661 | D:10     | Became a worshipper of Warmaster Okawaru
 12662 | D:10     | 12662 ||| PLANNING D:1-11
 12945 | D:10     | Killed a two-headed ogre
 12946 | D:10     | Reached skill level 6 in Armour
 13271 | D:11     | Noticed a boulder beetle
 13295 | D:11     | Killed a boulder beetle
 13295 | D:11     | Reached * piety under Okawaru
 13338 | D:11     | 13338 ||| INVOKING Heroism.
 13339 | D:11     | 13339 ||| INVOKING Heroism.
 13549 | D:11     | Reached skill level 1 in Invocations
 13656 | D:11     | 13656 ||| Stepping ~*~*~tactically~*~*~ (stealth).
 13657 | D:11     | 13657 ||| Stepping ~*~*~tactically~*~*~ (stealth).
 13814 | D:11     | 13814 ||| Stepping ~*~*~tactically~*~*~ (stealth).
 13815 | D:11     | 13815 ||| Stepping ~*~*~tactically~*~*~ (stealth).
 13911 | D:11     | Reached ** piety under Okawaru
 13912 | D:11     | Reached skill level 3 in Invocations
 13912 | D:11     | 13912 ||| FLEEEEING.
 13913 | D:11     | 13913 ||| FLEEEEING.
 13914 | D:11     | 13914 ||| INVOKING Heroism.
 14009 | D:11     | 14009 ||| Stepping ~*~*~tactically~*~*~ (stealth).
 14028 | D:11     | 14028 ||| INVOKING Heroism.
 14049 | D:11     | 14049 ||| Stepping ~*~*~tactically~*~*~ (hiding).
 14056 | D:11     | 14056 ||| INVOKING Heroism.
 14064 | D:11     | HP: 15/72 [water moccasin (5)]
 14065 | D:11     | 14065 ||| READING 2 scrolls of teleportation.
 14069 | D:11     | 14069 ||| FLEEEEING.
 14070 | D:11     | 14070 ||| FLEEEEING.
 14071 | D:11     | 14071 ||| READING scroll of teleportation.
 14072 | D:11     | HP: 4/72 [black bear (8)]
 14390 | D:11     | Found a staircase to the Lair.
 14524 | D:11     | 14524 ||| DRINKING 4 potions of curing.
 14524 | D:11     | 14524 ||| (to cure confusion)
 14531 | D:11     | Reached XP level 12. HP: 77/77 MP: 15/15
 14582 | D:11     | Noticed a boulder beetle
 14583 | D:11     | 14583 ||| INVOKING Heroism.
 14593 | D:11     | Killed a boulder beetle
 14594 | D:11     | Reached skill level 13 in Axes
 14732 | D:11     | 14732 ||| PLANNING LAIR
 14732 | D:11     | 14732 ||| READING scroll labelled DUROHE BEDUNAU.
 14777 | Lair:1   | Entered Level 1 of the Lair of Beasts
 14791 | Lair:1   | 14791 ||| INVOKING Heroism.
 14802 | Lair:1   | Reached *** piety under Okawaru
 14998 | Lair:1   | Noticed Nergalle
 14999 | Lair:1   | 14999 ||| Stepping ~*~*~tactically~*~*~ (hiding).
 15000 | Lair:1   | 15000 ||| INVOKING Heroism.
 15015 | Lair:1   | Killed Nergalle
 15066 | Lair:1   | 15066 ||| INVOKING Heroism.
 15190 | Lair:1   | 15190 ||| Stepping ~*~*~tactically~*~*~ (stealth).
 15252 | Lair:1   | 15252 ||| INVOKING Heroism.
 15352 | Lair:1   | 15352 ||| Stepping ~*~*~tactically~*~*~ (stealth).
 15470 | Lair:1   | Found an opulent altar of Gozag.
 15747 | Lair:1   | 15747 ||| UPGRADING to +0 pair of boots.
 15752 | Lair:1   | 15752 ||| UPGRADING to +0 plate armour.
 15762 | Lair:1   | 15762 ||| DROPPING +0 chain mail.
 15763 | Lair:1   | 15763 ||| READING 6 scrolls of identify.
 15763 | Lair:1   | 15763 ||| IDENTIFYING grey potion
 15808 | Lair:2   | 15808 ||| Stepping ~*~*~tactically~*~*~ (stealth).
 15815 | Lair:2   | Noticed Gastronok
 15816 | Lair:2   | 15816 ||| Stepping ~*~*~tactically~*~*~ (stealth).
 15818 | Lair:2   | 15818 ||| Stepping ~*~*~tactically~*~*~ (hiding).
 15820 | Lair:2   | 15820 ||| Stepping ~*~*~tactically~*~*~ (hiding).
 15822 | Lair:2   | 15822 ||| Stepping ~*~*~tactically~*~*~ (hiding).
 15833 | Lair:2   | 15833 ||| INVOKING Heroism.
 15834 | Lair:2   | 15834 ||| Stepping ~*~*~tactically~*~*~ (stealth).
 15847 | Lair:2   | Killed Gastronok
 15847 | Lair:2   | Reached **** piety under Okawaru
 15864 | Lair:2   | Reached skill level 9 in Armour
 15881 | Lair:2   | 15881 ||| Stepping ~*~*~tactically~*~*~ (stealth).
 15888 | Lair:2   | 15888 ||| Stepping ~*~*~tactically~*~*~ (stealth).
 15939 | Lair:2   | 15939 ||| INVOKING Heroism.
 15950 | Lair:2   | 15950 ||| Stepping ~*~*~tactically~*~*~ (stealth).
 16202 | Lair:2   | 16202 ||| INVOKING Heroism.
 16218 | Lair:2   | Noticed a five-headed hydra
 16221 | Lair:2   | 16221 ||| SWAPPING to +0 flail of protection.
 16223 | Lair:2   | Gained mutation: You are clumsy. (Dex -2) [mutagenic glow]
 16226 | Lair:2   | 16226 ||| Stepping ~*~*~tactically~*~*~ (outnumbered).
 16227 | Lair:2   | 16227 ||| Stepping ~*~*~tactically~*~*~ (outnumbered).
 16228 | Lair:2   | 16228 ||| Stepping ~*~*~tactically~*~*~ (outnumbered).
 16229 | Lair:2   | 16229 ||| Stepping ~*~*~tactically~*~*~ (outnumbered).
 16230 | Lair:2   | 16230 ||| INVOKING Heroism.
 16235 | Lair:2   | 16235 ||| Stepping ~*~*~tactically~*~*~ (outnumbered).
 16236 | Lair:2   | 16236 ||| Stepping ~*~*~tactically~*~*~ (outnumbered).
 16248 | Lair:2   | HP: 17/77 [five-headed hydra (3)]
 16249 | Lair:2   | 16249 ||| READING scroll of teleportation.
 16254 | Lair:2   | Killed a five-headed hydra
 16254 | Lair:2   | Reached ***** piety under Okawaru
 16255 | Lair:2   | Reached skill level 6 in Invocations
 16255 | Lair:2   | 16255 ||| SWAPPING to +7 broad axe "Jeaf" {holy, Contam Fly
                  | Dex+2}.
 16417 | Lair:2   | 16417 ||| Stepping ~*~*~tactically~*~*~ (stealth).
 16425 | Lair:2   | 16425 ||| Stepping ~*~*~tactically~*~*~ (stealth).
 16428 | Lair:2   | 16428 ||| Stepping ~*~*~tactically~*~*~ (stealth).
 16429 | Lair:2   | 16429 ||| Stepping ~*~*~tactically~*~*~ (stealth).
 16580 | Lair:2   | Found a staircase to the Shoals.
 16597 | Lair:2   | 16597 ||| DROPPING +0 flail of protection.
 16661 | Lair:2   | 16661 ||| Stepping ~*~*~tactically~*~*~ (stealth).
 16662 | Lair:2   | 16662 ||| Stepping ~*~*~tactically~*~*~ (stealth).
 17104 | Lair:3   | 17104 ||| INVOKING Heroism.
 17127 | Lair:3   | Reached XP level 13. HP: 63/82 MP: 17/17
 17127 | Lair:3   | Received a gift from Okawaru
 17222 | Lair:3   | 17222 ||| INVOKING Heroism.
 17268 | Lair:3   | 17268 ||| INVOKING Heroism.
 17274 | Lair:3   | Reached skill level 14 in Axes
 17395 | Lair:3   | Found a staircase to the Snake Pit.
 17418 | Lair:3   | 17418 ||| Stepping ~*~*~tactically~*~*~ (hiding).
 17441 | Lair:3   | 17441 ||| Stepping ~*~*~tactically~*~*~ (stealth).
 17448 | Lair:3   | 17448 ||| INVOKING Heroism.
 17462 | Lair:3   | 17462 ||| Stepping ~*~*~tactically~*~*~ (stealth).
 17574 | Lair:3   | 17574 ||| INVOKING Heroism.
 17608 | Lair:3   | Noticed Nessos
 17609 | Lair:3   | 17609 ||| INVOKING Finesse.
 17612 | Lair:3   | 17612 ||| INVOKING Heroism.
 17614 | Lair:3   | 17614 ||| Stepping ~*~*~tactically~*~*~ (hiding).
 17616 | Lair:3   | HP: 20/83 [Nessos/arrow (6)]
 17617 | Lair:3   | 17617 ||| READING scroll of teleportation.
 17618 | Lair:3   | 17618 ||| DRINKING potion of heal wounds.
 17765 | Lair:3   | 17765 ||| INVOKING Finesse.
 17781 | Lair:3   | 17781 ||| Stepping ~*~*~tactically~*~*~ (hiding).
 17785 | Lair:3   | Killed Nessos
 17964 | Lair:3   | Noticed Rupert
 17966 | Lair:3   | 17966 ||| INVOKING Heroism.
 17968 | Lair:3   | Paralysed by Rupert for 4 turns
 17979 | Lair:3   | HP: 6/83 [Rupert/+1 battleaxe of venom (29)]
 17981 | Lair:3   | 17981 ||| SWAPPING to +0 morningstar.
 17981 | Lair:3   | Demolished by Rupert

Levels and vault maps discovered:
D:1:      psy_arrival_radial02, layout_basic, lexackson_kobold_supper
D:2:      layout_loops_ring, uniq_jessica
D:3:      wad_lake_hut, layout_basic,
          hellmonk_ecumenical_altar_pennies_from_heaven
D:4:      layout_cave_pools, dancing_weapons_uskayaw,
          mainiacjoe_overflow_catwalk, serial_bayou, serial_bayou_crossing,
          serial_bayou_lagoon_a, serial_bayou_pond_e, serial_bayou_shore_b,
          serial_bayou_shore_b, minmay_misc_feat_tower, uniq_pikel, uniq_edmund
D:5:      layout_loops_corners, mainiacjoe_overflow_alcove_4,
          nicolae_elyvilon_peaceful_grove, mainiacjoe_overflow_cross_hatched,
          serial_shops, nicolae_stop_n_shop_2, solitary_fountain
D:6:      minmay_bubble_buster, layout_basic, old_standard_altar,
          lemuel_crystal_altar
D:7:      layout_cave_pods, temple_pool_b
D:8:      layout_basic, marbit_many_paths, minmay_misc_feat_cross
D:9:      layout_gridville, kennysheep_little_box, led_xom_imps,
          nemelex_diamond_rough_becter, kennysheep_mini_moat, uniq_erolcha
D:10:     layout_layer_cave, lemuel_coloured_pillars_altar
D:11:     layout_loops_cross, minmay_lair_entry_grove
Temple:   kb_temple_of_zot
Lair:1:   layout_cave_pods, basic_altar, nicolae_quartered_pool_impasse,
          uniq_nergalle
Lair:2:   layout_loops_ring, shoals_dummy_entry, amcnicky_mini_pool_medium,
          uniq_gastronok
Lair:3:   layout_loops_ring, dummy_snake_entry, uniq_nessos, uniq_rupert

Skill      XL: |  1  2  3  4  5  6  7  8  9 10 11 12 13 |
---------------+----------------------------------------+-----
Axes           | 2 3 4 5 7 8 10 11 12 13 14 | 14.0
Dodging        | 1 2 3 |  3.0
Throwing       | 2 |  2.6
Fighting       | 4 6 8 9 10 | 10.5
Shields        | 4 5 6 |  6.7
Armour         | 4 5 7 10 | 10.1
Invocations    | 4 6 8 |  8.1

Action                   |  1- 3 |  4- 6 |  7- 9 | 10-12 | 13-15 || total
-------------------------+-------+-------+-------+-------+-------++-------
Melee: War axe           |   122 |    74 |       |       |       ||   196
       Broad axe         |       |    63 |   157 |   487 |    91 ||   798
       Flail             |       |       |       |    25 |       ||    25
Throw: Boomerang         |       |    32 |    48 |    76 |    15 ||   171
       Javelin           |       |     9 |    24 |       |       ||    33
Invok: Heroism           |       |       |       |    14 |     6 ||    20
       Finesse           |       |       |       |       |     2 ||     2
  Use: Scroll            |     2 |     4 |    11 |     9 |     1 ||    27
       Potion            |     1 |     1 |     4 |     4 |     1 ||    11
Armor: Scale mail        |    61 |    61 |    85 |    81 |       ||   288
       Chain mail        |       |       |       |   118 |       ||   118
       Plate armour      |       |       |       |   103 |    49 ||   152
Dodge: Dodged            |    61 |    67 |    61 |   246 |    27 ||   462
Block: Buckler           |    20 |    20 |    31 |   131 |    22 ||   224

Table legend:
 A = Non-vault XP
 B = Vault XP
 C = Vault XP percentage of total XP
 D = Non-vault monster count
 E = Vault monster count
 F = Vault count percentage of total count
                 A         B        C        D         E       F
            +---------+---------+-------+---------+---------+-------
      Total |   29093 |    9154 |  23.9 |     313 |      45 |  12.6
            +---------+---------+-------+---------+---------+-------
        D:1 |      69 |      11 |  13.8 |      33 |       8 |  19.5
        D:2 |      58 |      37 |  38.9 |      27 |       1 |   3.6
        D:3 |      95 |     169 |  64.0 |      17 |       1 |   5.6
        D:4 |     318 |     607 |  65.6 |      14 |       1 |   6.7
        D:5 |     694 |       0 |   0.0 |      14 |       0 |   0.0
        D:6 |    1020 |     816 |  44.4 |      26 |      10 |  27.8
        D:7 |     536 |       0 |   0.0 |      11 |       0 |   0.0
        D:8 |    3383 |      35 |   1.0 |      38 |       1 |   2.6
        D:9 |    1412 |    1051 |  42.7 |      22 |       5 |  18.5
       D:10 |    3011 |       0 |   0.0 |      23 |       0 |   0.0
       D:11 |    4387 |    1751 |  28.5 |      20 |      12 |  37.5
     Lair:1 |    4026 |     787 |  16.4 |      17 |       1 |   5.6
     Lair:2 |    3880 |    2881 |  42.6 |      27 |       4 |  12.9
     Lair:3 |    6204 |    1009 |  14.0 |      24 |       1 |   4.0
            +---------+---------+-------+---------+---------+-------
